PA
PUT-IN-BAY BC @ IDAHO FALLS CHUKARS
08/29/2020
 
TOP OF THE 1ST
Put-In-Bay BC batting - Pitching for Idaho Falls Chukars : RHP Ash Hardy
Pitching: RHP Ash Hardy
Batting: RHB Tim Burnett 0-0: Ball
1-0: SINGLE (Groundball, 5D)
Batting: RHB Eddie Davis 0-0: DOUBLE (Flyball, 78XD)
Tim Burnett to third
Batting: LHB José Ortega 0-0: Ball
Wild Pitch!
Tim Burnett scores
Eddie Davis to third
1-0: Ball
2-0: Called Strike
2-1: Ball
3-1: Base on Balls
Batting: RHB Pedro Pérez 0-0: Fly out, F2 (Popup, 2LF)
Batting: LHB Arturo Rodríguez 0-0: Ball
1-0: Called Strike
1-1: Ball
2-1: Called Strike
2-2: Ball
3-2: Strikes out looking
José Ortega steals 2nd base
Batter strikes out.
Batting: RHB Quincy van Enk 0-0: Ball
1-0: Ball
2-0: Ball
3-0: Called Strike
3-1: SINGLE (Groundball, 34D)
Eddie Davis scores
José Ortega to third
Runner from 3rd tries for Home, SAFE, no throw or cutoff
Batting: RHB Carlos Trujillo 0-0: Ball
1-0: Called Strike
1-1: Ball
2-1: Swinging Strike
2-2: Strikes out swinging
Top of the 1st over - 3 run(s), 3 hit(s), 0 error(s), 1 left on base; Put-In-Bay 3 - Idaho Falls 0
BOTTOM OF THE 1ST
Idaho Falls Chukars batting - Pitching for Put-In-Bay BC : RHP Francis McBride
Pitching: RHP Francis McBride
Batting: RHB Trent Burch 0-0: Ball
1-0: Foul Ball, location: 2F
1-1: Ball
2-1: Fly out, F9 (Flyball, 9LS)
Batting: RHB Jung-hwan Kwon 0-0: Ball
1-0: Called Strike
1-1: Foul Ball, location: 2F
1-2: Strikes out swinging
Batting: RHB Ramiro Gonzáles 0-0: Foul Ball, location: 2F
0-1: Foul Ball, location: 2F
0-2: Ball
1-2: Strikes out swinging
Bottom of the 1st over - 0 run(s), 0 hit(s), 0 error(s), 0 left on base; Put-In-Bay 3 - Idaho Falls 0
TOP OF THE 2ND
Put-In-Bay BC batting - Pitching for Idaho Falls Chukars : RHP Ash Hardy
Batting: RHB Pil-joong Pak 0-0: Ground out 6-3 (Groundball, 6)
Batting: RHB Ken Little 0-0: Called Strike
0-1: Ball
1-1: Ball
2-1: Ball
3-1: Base on Balls
Batting: RHB Tim Burnett 0-0: Ball
1-0: DOUBLE (Line Drive, 78XD)
Ken Little to third
Batting: RHB Eddie Davis 0-0: Called Strike
0-1: Called Strike
0-2: Strikes out swinging
Batting: LHB José Ortega 0-0: Called Strike
0-1: Ball
1-1: Foul Ball, location: 2F
1-2: Hit by Pitch
Batting: RHB Pedro Pérez 0-0: Foul Ball, location: 2F
0-1: Swinging Strike
0-2: Foul Ball, location: 2F
0-2: Ball
1-2: Fly out, F6 (Line Drive, 6)
Top of the 2nd over - 0 run(s), 1 hit(s), 0 error(s), 3 left on base; Put-In-Bay 3 - Idaho Falls 0
BOTTOM OF THE 2ND
Idaho Falls Chukars batting - Pitching for Put-In-Bay BC : RHP Francis McBride
Batting: LHB Sean Angwin 0-0: Called Strike
0-1: Swinging Strike
0-2: Strikes out looking
Batting: RHB José Reyes 0-0: Ball
1-0: Swinging Strike
1-1: Foul Ball, location: 2F
1-2: Strikes out looking
Batting: RHB Gerardo Gonzáles 0-0: Ball
1-0: Foul Ball, location: 2F
1-1: Foul Ball, location: 2F
1-2: Foul Ball, location: 2F
1-2: Ball
2-2: Ground out 6-3 (Groundball, 6S)
Bottom of the 2nd over - 0 run(s), 0 hit(s), 0 error(s), 0 left on base; Put-In-Bay 3 - Idaho Falls 0
TOP OF THE 3RD
Put-In-Bay BC batting - Pitching for Idaho Falls Chukars : RHP Ash Hardy
Batting: LHB Arturo Rodríguez 0-0: Foul Ball, location: 2F
0-1: Swinging Strike
0-2: Strikes out swinging
Batting: RHB Quincy van Enk 0-0: Called Strike
0-1: Fly out, F8 (Popup, 8RS)
Batting: RHB Carlos Trujillo 0-0: Called Strike
0-1: Ground out 5-3 (Groundball, 56)
Top of the 3rd over - 0 run(s), 0 hit(s), 0 error(s), 0 left on base; Put-In-Bay 3 - Idaho Falls 0
BOTTOM OF THE 3RD
Idaho Falls Chukars batting - Pitching for Put-In-Bay BC : RHP Francis McBride
Batting: RHB Carlos López 0-0: Ball
1-0: Ball
2-0: Ball
3-0: Called Strike
3-1: Base on Balls
Batting: RHB Marcos Silva 0-0: Called Strike
0-1: Swinging Strike
0-2: Ball
1-2: Strikes out looking
Batting: RHB Miguel Luna 0-0: Called Strike
0-1: Fielders Choice at 2nd, 4-6 (Groundball, 4)
Batting: RHB Trent Burch 0-0: Ball
Miguel Luna steals 2nd base
1-0: Ball
2-0: Called Strike
2-1: Fly out, F4 (Popup, 4M)
Bottom of the 3rd over - 0 run(s), 0 hit(s), 0 error(s), 1 left on base; Put-In-Bay 3 - Idaho Falls 0
TOP OF THE 4TH
Put-In-Bay BC batting - Pitching for Idaho Falls Chukars : RHP Ash Hardy
Batting: RHB Pil-joong Pak 0-0: Ball
1-0: Ball
2-0: Ball
3-0: Called Strike
3-1: Foul Ball, location: 2F
3-2: Strikes out swinging
Batting: RHB Ken Little 0-0: Ball
1-0: Ball
2-0: Called Strike
2-1: Foul Ball, location: 2F
2-2: Ground out 1-3 (Groundball, 25)
Batting: RHB Tim Burnett 0-0: Called Strike
0-1: Swinging Strike
0-2: Ball
1-2: Strikes out swinging
Top of the 4th over - 0 run(s), 0 hit(s), 0 error(s), 0 left on base; Put-In-Bay 3 - Idaho Falls 0
BOTTOM OF THE 4TH
Idaho Falls Chukars batting - Pitching for Put-In-Bay BC : RHP Francis McBride
Batting: RHB Jung-hwan Kwon 0-0: Bunt for hit - play at first, batter safe!
Batting: RHB Ramiro Gonzáles 0-0: Ball
1-0: Ball
2-0: Ball
3-0: Base on Balls
Jung-hwan Kwon to second
Batting: LHB Sean Angwin 0-0: Foul Ball, location: 2F
0-1: Grounds into double play, 4-6-3 (Groundball, 4)
Jung-hwan Kwon to third
Batting: RHB José Reyes 0-0: Ball
1-0: Foul Ball, location: 2F
1-1: Swinging Strike
1-2: Strikes out swinging
Bottom of the 4th over - 0 run(s), 1 hit(s), 0 error(s), 1 left on base; Put-In-Bay 3 - Idaho Falls 0
TOP OF THE 5TH
Put-In-Bay BC batting - Pitching for Idaho Falls Chukars : RHP Ash Hardy
Batting: RHB Eddie Davis 0-0: Ball
1-0: Foul Ball, location: 2F
1-1: Swinging Strike
1-2: Foul Ball, location: 2F
1-2: Ball
2-2: Strikes out swinging
Batting: LHB José Ortega 0-0: Ball
1-0: Ground out 2-3 (Groundball, 15S)
Batting: RHB Pedro Pérez 0-0: Called Strike
0-1: Foul Ball, location: 2F
0-2: Ball
1-2: Strikes out swinging
Top of the 5th over - 0 run(s), 0 hit(s), 0 error(s), 0 left on base; Put-In-Bay 3 - Idaho Falls 0
BOTTOM OF THE 5TH
Idaho Falls Chukars batting - Pitching for Put-In-Bay BC : RHP Francis McBride
Batting: RHB Gerardo Gonzáles 0-0: Ball
1-0: Called Strike
1-1: SINGLE (Line Drive, 9LS)
Batting: RHB Carlos López 0-0: Bunted foul
0-1: Sac Bunt - play at first, batter OUT! 1-4
Gerardo Gonzáles to second
Batting: RHB Marcos Silva 0-0: Ball
1-0: Ball
2-0: Ball
3-0: Base on Balls
Batting: RHB Miguel Luna 0-0: Ball
1-0: Swinging Strike
1-1: Swinging Strike
1-2: Foul Ball, location: 2F
1-2: Strikes out swinging
Batting: RHB Trent Burch 0-0: Called Strike
0-1: Swinging Strike
0-2: Ball
1-2: Strikes out swinging
Bottom of the 5th over - 0 run(s), 1 hit(s), 0 error(s), 2 left on base; Put-In-Bay 3 - Idaho Falls 0
TOP OF THE 6TH
Put-In-Bay BC batting - Pitching for Idaho Falls Chukars : RHP Ash Hardy
Batting: LHB Arturo Rodríguez 0-0: Called Strike
0-1: Swinging Strike
0-2: Strikes out swinging
Batting: RHB Quincy van Enk 0-0: Ground out 2-3 (Groundball, 2R)
Batting: RHB Carlos Trujillo 0-0: Swinging Strike
0-1: Ball
1-1: Called Strike
1-2: Foul Ball, location: 2F
1-2: TRIPLE (Line Drive, 89M)
Batting: RHB Pil-joong Pak 0-0: Intentional Walk
Batting: RHB Ken Little 0-0: Ball
1-0: Ball
2-0: Ground out 4-3 (Groundball, 4)
Top of the 6th over - 0 run(s), 1 hit(s), 0 error(s), 2 left on base; Put-In-Bay 3 - Idaho Falls 0
BOTTOM OF THE 6TH
Idaho Falls Chukars batting - Pitching for Put-In-Bay BC : RHP Francis McBride
Batting: RHB Jung-hwan Kwon 0-0: Ground out 6-3 (Groundball, 6M)
Batting: RHB Ramiro Gonzáles 0-0: Called Strike
0-1: Foul Ball, location: 2F
0-2: Foul Ball, location: 2F
0-2: Ground out 6-3 (Groundball, 6M)
Batting: LHB Sean Angwin 0-0: Called Strike
0-1: Ball
1-1: Ball
2-1: Called Strike
2-2: Strikes out swinging, 2-3 out at first.
Bottom of the 6th over - 0 run(s), 0 hit(s), 0 error(s), 0 left on base; Put-In-Bay 3 - Idaho Falls 0
TOP OF THE 7TH
Put-In-Bay BC batting - Pitching for Idaho Falls Chukars : RHP Ash Hardy
Batting: RHB Tim Burnett 0-0: Ball
1-0: Ball
2-0: Called Strike
2-1: Called Strike
2-2: Foul Ball, location: 2F
2-2: Ball
3-2: Foul Ball, location: 2F
3-2: Strikes out swinging
Batting: RHB Eddie Davis 0-0: Foul Ball, location: 2F
0-1: Ball
1-1: Ground out 6-3 (Groundball, 6)
Batting: LHB José Ortega 0-0: Ball
1-0: Ball
2-0: Called Strike
2-1: Swinging Strike
2-2: Ground out 6-3 (Groundball, 6)
Top of the 7th over - 0 run(s), 0 hit(s), 0 error(s), 0 left on base; Put-In-Bay 3 - Idaho Falls 0
BOTTOM OF THE 7TH
Idaho Falls Chukars batting - Pitching for Put-In-Bay BC : RHP Francis McBride
Batting: RHB José Reyes 0-0: Ball
1-0: Foul Ball, location: 2F
1-1: SINGLE (Line Drive, 56)
Batting: RHB Gerardo Gonzáles 0-0: Sac Bunt - play at first, batter OUT! 5-3
José Reyes to second
Batting: RHB Carlos López 0-0: Ground out 4-3 (Groundball, 4)
José Reyes to third
Batting: RHB Marcos Silva 0-0: Called Strike
0-1: Ball
1-1: Swinging Strike
1-2: Strikes out swinging
Bottom of the 7th over - 0 run(s), 1 hit(s), 0 error(s), 1 left on base; Put-In-Bay 3 - Idaho Falls 0
TOP OF THE 8TH
Put-In-Bay BC batting - Pitching for Idaho Falls Chukars : RHP Ash Hardy
Batting: RHB Pedro Pérez 0-0: Ball
1-0: Called Strike
1-1: Foul Ball, location: 2F
1-2: Ball
2-2: Foul Ball, location: 2F
2-2: Ball
3-2: Strikes out swinging
Pitching: RHP Miguel Hernández
Batting: LHB Arturo Rodríguez 0-0: Called Strike
0-1: Called Strike
0-2: Strikes out swinging
Batting: RHB Quincy van Enk 0-0: Ground out 6-3 (Groundball, 6M)
Top of the 8th over - 0 run(s), 0 hit(s), 0 error(s), 0 left on base; Put-In-Bay 3 - Idaho Falls 0
BOTTOM OF THE 8TH
Idaho Falls Chukars batting - Pitching for Put-In-Bay BC : RHP Francis McBride
Batting: RHB Miguel Luna 0-0: Ball
1-0: Ball
2-0: Swinging Strike
2-1: Ball
3-1: Foul Ball, location: 2F
3-2: Strikes out swinging
Batting: RHB Trent Burch 0-0: Called Strike
0-1: Swinging Strike
0-2: Foul Ball, location: 2F
0-2: Ball
1-2: Ball
2-2: Strikes out swinging
Batting: RHB Jung-hwan Kwon 0-0: Ball
1-0: Ball
2-0: Ground out 5-3 (Groundball, 56)
Bottom of the 8th over - 0 run(s), 0 hit(s), 0 error(s), 0 left on base; Put-In-Bay 3 - Idaho Falls 0
TOP OF THE 9TH
Put-In-Bay BC batting - Pitching for Idaho Falls Chukars : RHP Miguel Hernández
Batting: RHB Carlos Trujillo 0-0: Ball
1-0: Foul Ball, location: 2F
1-1: Foul Ball, location: 2F
1-2: Strikes out swinging
Batting: RHB Pil-joong Pak 0-0: Ball
1-0: Ground out 6-3 (Groundball, 6)
Batting: RHB Ken Little 0-0: Reached on error, E5 (Groundball, 56)
Batting: RHB Tim Burnett 0-0: Ball
1-0: Ground out 6-3 (Groundball, 6)
Top of the 9th over - 0 run(s), 0 hit(s), 1 error(s), 1 left on base; Put-In-Bay 3 - Idaho Falls 0
BOTTOM OF THE 9TH
Idaho Falls Chukars batting - Pitching for Put-In-Bay BC : RHP Francis McBride
Pitching: RHP Elvin Glass
Batting: RHB Ramiro Gonzáles 0-0: Fly out, F7 (Flyball, 7M)
Batting: LHB Sean Angwin 0-0: Called Strike
0-1: Ball
1-1: Ball
2-1: Ball
3-1: Called Strike
3-2: Foul Ball, location: 2F
3-2: Ground out 3-1 (Groundball, 3)
Batting: RHB José Reyes 0-0: Ball
1-0: Reached on error, E6 (Groundball, 6M)
Batting: RHB Gerardo Gonzáles 0-0: Ball
1-0: Called Strike
1-1: Ball
2-1: Ground out 4-3 (Groundball, 4)
Bottom of the 9th over - 0 run(s), 0 hit(s), 1 error(s), 1 left on base; Put-In-Bay 3 - Idaho Falls 0
This league is powered by Out of the Park Baseball, the baseball management simulation game for PC, Mac and Linux
Friday, October 23rd, 2015 - OOTP Baseball 16.9 Build 39